[Event "Slovakia Open Piestany-A 2022"]
[Site "Piestany"]
[Date "2022.07.17"]
[Round "8.13"]
[White "Straka, Jozef"]
[Black "Kostolansky, Sebastian Lukas"]
[Result "1/2-1/2"]
[ECO "D36"]
[WhiteElo "2300"]
[BlackElo "2406"]
[Annotator "ChessBase"]
[PlyCount "73"]
[EventDate "2022.07.12"]
[EventType "swiss"]
[EventCountry "SVK"]
[SourceTitle "playchess.com"]
[Source "ChessBase"]
[SourceQuality "1"]
[TimeControl "40/5400+30:1800+30"]

1. d4 Nf6 2. c4 e6 3. Nc3 d5 4. cxd5 exd5 5. Bg5 c6 6. e3 h6 7. Bh4 Be7 8. Bd3 O-O 9. Qc2 Re8 10. Nf3 Nbd7 11. O-O Nf8 12. Rab1 Bg4 13. Ne5 Bh5 14. b4 a6 15. a4 N6d7 16. Bxe7 Qxe7 17. Nxd7 Qxd7 18. b5 axb5 19. axb5 Bg6 20. bxc6 bxc6 21. Bxg6 Nxg6 22. Rfc1 Nh4 23. Ne2 Ra6 24. Ng3 Rea8 25. h3 Qe6 26. Rb3 Qf6 27. Rcb1 g6 28. Rb8+ Rxb8 29. Rxb8+ Kh7 30. Rb1 Kg7 31. Qe2 Ra4 32. Rc1 h5 33. Qb2 Ra6 34. Rc2 Nf5 35. Nxf5+ Qxf5 36. Rc1 h4 37. Ra1 1/2-1/2

[Event "Slovakia Open Piestany-A 2022"]
[Site "Piestany"]
[Date "2022.07.17"]
[Round "8.14"]
[White "Farkas, Gabor"]
[Black "Savitha Shri B"]
[Result "0-1"]
[ECO "D10"]
[WhiteElo "2335"]
[BlackElo "2278"]
[Annotator "ChessBase"]
[PlyCount "58"]
[EventDate "2022.07.12"]
[EventType "swiss"]
[EventCountry "SVK"]
[SourceTitle "playchess.com"]
[Source "ChessBase"]
[SourceQuality "1"]
[TimeControl "40/5400+30:1800+30"]

1. d4 d5 2. c4 c6 3. Nc3 Nf6 4. cxd5 cxd5 5. Bf4 Nc6 6. e3 Bf5 7. Qb3 Na5 8. Qa4+ Bd7 9. Bb5 e6 10. Bxd7+ Nxd7 11. Nf3 a6 12. Rc1 b5 13. Qd1 Rc8 14. O-O Be7 15. Ne5 O-O 16. Qg4 Nxe5 17. Bxe5 g6 18. Bf4 Re8 19. Ne2 Qd7 20. h4 h5 21. Qg3 Nc4 22. b3 Nd2 23. Rfd1 Ne4 24. Qh3 Rxc1 25. Nxc1 Qc6 26. g3 Nxf2 27. Kxf2 Qc2+ 28. Ne2 Qxd1 29. g4 Rc8 0-1

[Event "Slovakia Open Piestany-A 2022"]
[Site "Piestany"]
[Date "2022.07.17"]
[Round "8.15"]
[White "Holly, Andrej"]
[Black "Dixit, Nikhil"]
[Result "1-0"]
[ECO "A24"]
[WhiteElo "2213"]
[BlackElo "2325"]
[Annotator "ChessBase"]
[PlyCount "69"]
[EventDate "2022.07.12"]
[EventType "swiss"]
[EventCountry "SVK"]
[SourceTitle "playchess.com"]
[Source "ChessBase"]
[SourceQuality "1"]
[TimeControl "40/5400+30:1800+30"]

1. c4 g6 2. g3 Bg7 3. Bg2 Nf6 4. Nc3 O-O 5. e4 d6 6. Nge2 e5 7. d3 c6 8. O-O a6 9. b4 b5 10. a4 bxc4 11. dxc4 Be6 12. Qd3 Qc7 13. a5 Nbd7 14. Rd1 Ne8 15. Be3 Qc8 16. Na4 Rb8 17. Rab1 Nef6 18. Rdc1 Ng4 19. Bg5 f6 20. Qxd6 Bf7 21. Bh3 h5 22. Be3 Rd8 23. Bxg4 hxg4 24. b5 cxb5 25. cxb5 Qb7 26. bxa6 Qxb1 27. Rxb1 Rxb1+ 28. Kg2 Rbb8 29. a7 Ra8 30. Bb6 Nxb6 31. Qxd8+ Rxd8 32. axb6 Bc4 33. b7 Bxe2 34. b8=Q Bf3+ 35. Kf1 1-0

[Event "Slovakia Open Piestany-A 2022"]
[Site "Piestany"]
[Date "2022.07.17"]
[Round "8.16"]
[White "Bhambure, Shantanu"]
[Black "Leszko, Bence"]
[Result "1/2-1/2"]
[ECO "D50"]
[WhiteElo "2320"]
[BlackElo "2241"]
[Annotator "ChessBase"]
[PlyCount "147"]
[EventDate "2022.07.12"]
[EventType "swiss"]
[EventCountry "SVK"]
[SourceTitle "playchess.com"]
[Source "ChessBase"]
[SourceQuality "1"]
[TimeControl "40/5400+30:1800+30"]

1. d4 d5 2. c4 e6 3. Nf3 Nf6 4. Nc3 c5 5. cxd5 cxd4 6. Qxd4 exd5 7. Bg5 Be7 8. e3 Nc6 9. Bb5 O-O 10. Qa4 h6 11. Bh4 Be6 12. Bxc6 bxc6 13. Qxc6 Rb8 14. O-O Rxb2 15. Nd4 Qb6 16. Qxb6 Rxb6 17. Na4 Rb7 18. Nc6 Rc7 19. Nxe7+ Rxe7 20. Bxf6 gxf6 21. Nc5 Rc7 22. Nb3 Rb8 23. Nd4 Rb2 24. Rfb1 Rcb7 25. Rxb2 Rxb2 26. a3 Bd7 27. Rc1 a6 28. h3 Ra2 29. Rc7 Bb5 30. Nxb5 axb5 31. Rc3 Rb2 32. Rd3 b4 33. axb4 Rxb4 34. Rxd5 Rb2 35. g4 Kg7 36. Kg2 Ra2 37. Kg3 Re2 38. Rf5 Ra2 39. Rh5 Re2 40. Rc5 Re1 41. Kf3 Rh1 42. Kg2 Re1 43. Rb5 Re2 44. h4 Ra2 45. Kg3 Ra1 46. Kf4 Rh1 47. h5 Ra1 48. Rd5 Ra4+ 49. Kf5 Ra2 50. f4 Ra3 51. e4 Ra6 52. g5 fxg5 53. fxg5 hxg5 54. Kxg5 Re6 55. Kf4 Rf6+ 56. Rf5 Re6 57. Re5 Rf6+ 58. Kg4 Ra6 59. Rg5+ Kh6 60. e5 Ra1 61. Rf5 Kg7 62. Rf3 Ra4+ 63. Kf5 Ra6 64. Rg3+ Kh6 65. Rd3 Ra1 66. Rh3 Ra6 67. Rh4 Rb6 68. Rd4 Rb1 69. Rd7 Rf1+ 70. Kg4 Rg1+ 71. Kf5 Rf1+ 72. Kg4 Rg1+ 73. Kh4 Rh1+ 74. Kg4 1/2-1/2

[Event "Slovakia Open Piestany-A 2022"]
[Site "Piestany"]
[Date "2022.07.17"]
[Round "8.17"]
[White "Walter, Ema"]
[Black "Pniaczek, Marek"]
[Result "0-1"]
[ECO "B83"]
[WhiteElo "2000"]
[BlackElo "2312"]
[Annotator "ChessBase"]
[PlyCount "46"]
[EventDate "2022.07.12"]
[EventType "swiss"]
[EventCountry "SVK"]
[SourceTitle "playchess.com"]
[Source "ChessBase"]
[SourceQuality "1"]
[TimeControl "40/5400+30:1800+30"]

1. e4 c5 2. Nf3 d6 3. d4 cxd4 4. Nxd4 Nc6 5. Nc3 e6 6. Be3 a6 7. a4 Nf6 8. Be2 Be7 9. O-O O-O 10. Qd2 Qc7 11. Nb3 b6 12. Rad1 Bb7 13. f4 Rab8 14. Bf3 Na5 15. Nxa5 bxa5 16. Qf2 Ba8 17. Bc1 Rb4 18. Rfe1 Nd7 19. Rd4 d5 20. Rxb4 axb4 21. Nd1 dxe4 22. Rxe4 Bxe4 23. Bxe4 Nc5 0-1

[Event "Slovakia Open Piestany-A 2022"]
[Site "Piestany"]
[Date "2022.07.17"]
[Round "8.18"]
[White "Michelle Catherina, P."]
[Black "Turcan, Richard"]
[Result "0-1"]
[ECO "B60"]
[WhiteElo "2141"]
[BlackElo "2304"]
[Annotator "ChessBase"]
[PlyCount "64"]
[EventDate "2022.07.12"]
[EventType "swiss"]
[EventCountry "SVK"]
[SourceTitle "playchess.com"]
[Source "ChessBase"]
[SourceQuality "1"]
[TimeControl "40/5400+30:1800+30"]

1. e4 c5 2. Nf3 Nc6 3. d4 cxd4 4. Nxd4 Nf6 5. Nc3 d6 6. Bg5 g6 7. Bxf6 exf6 8. Be2 Bg7 9. Ndb5 O-O 10. Nxd6 Be6 11. Nc4 f5 12. exf5 Bxf5 13. Ne3 Qb6 14. Qc1 Rfe8 15. O-O Nd4 16. Bc4 Rac8 17. Nxf5 Rxc4 18. Nxd4 Bxd4 19. Nd1 Re2 20. c3 Qf6 21. Ne3 Bxe3 22. fxe3 Qe5 23. Rf3 Rg4 24. Qf1 Rxb2 25. Rd1 Qg5 26. g3 Ra4 27. Kh1 Raxa2 28. h4 Rh2+ 29. Kg1 Rxh4 30. Qd3 Rh1+ 31. Kxh1 Qh5+ 32. Kg1 Qh2+ 0-1

[Event "Slovakia Open Piestany-A 2022"]
[Site "Piestany"]
[Date "2022.07.17"]
[Round "8.19"]
[White "Bochnicka, Vladimir"]
[Black "Hrbek, Stepan"]
[Result "0-1"]
[ECO "A25"]
[WhiteElo "2295"]
[BlackElo "2272"]
[Annotator "ChessBase"]
[PlyCount "48"]
[EventDate "2022.07.12"]
[EventType "swiss"]
[EventCountry "SVK"]
[SourceTitle "playchess.com"]
[Source "ChessBase"]
[SourceQuality "1"]
[TimeControl "40/5400+30:1800+30"]

1. c4 e5 2. Nc3 Bb4 3. e4 Nf6 4. g3 Nc6 5. Bg2 d6 6. Nge2 Bc5 7. O-O h5 8. d3 h4 9. Bg5 Bg4 10. Qd2 hxg3 11. hxg3 Qd7 12. Bxf6 gxf6 13. Nd5 O-O-O 14. Nxf6 Qe6 15. Nxg4 Qxg4 16. Rab1 Nd4 17. Nxd4 Bxd4 18. Rfc1 Qxg3 19. Kf1 Qh2 20. Qd1 Rdg8 21. Qf3 Kb8 22. Rc2 Rh4 23. Re1 Rhg4 24. Bh3 Rf4 0-1

[Event "Slovakia Open Piestany-A 2022"]
[Site "Piestany"]
[Date "2022.07.17"]
[Round "8.20"]
[White "Domalchuk-Jonasson, Aleksandr"]
[Black "Sharma Isha"]
[Result "0-1"]
[ECO "E73"]
[WhiteElo "2244"]
[BlackElo "2236"]
[Annotator "ChessBase"]
[PlyCount "96"]
[EventDate "2022.07.12"]
[EventType "swiss"]
[EventCountry "SVK"]
[SourceTitle "playchess.com"]
[Source "ChessBase"]
[SourceQuality "1"]
[TimeControl "40/5400+30:1800+30"]

1. d4 Nf6 2. c4 g6 3. Nc3 Bg7 4. e4 d6 5. Be2 O-O 6. Bg5 Na6 7. Qd2 e5 8. d5 Qe8 9. h4 Nc5 10. Bf3 Bd7 11. b4 Ncxe4 12. Nxe4 Nxe4 13. Bxe4 f5 14. Bc2 f4 15. Be4 h6 16. Bxh6 Bxh6 17. Ne2 Kg7 18. f3 Rh8 19. Nc3 Bg5 20. g3 Bf6 21. Qg2 Qf7 22. O-O-O Rag8 23. Kc2 Kf8 24. Rdg1 fxg3 25. Qxg3 Qe7 26. Kb3 Rxh4 27. Qg2 Rxh1 28. Rxh1 Bf5 29. Qc2 Qd7 30. c5 dxc5 31. bxc5 Rh8 32. Rxh8+ Bxh8 33. c6 bxc6 34. dxc6 Be6+ 35. Kb2 Qd4 36. a3 Bf6 37. Qg2 Qb6+ 38. Kc1 Qe3+ 39. Qd2 Qg1+ 40. Kc2 Bg5 41. Ne2 Qc5+ 42. Qc3 Qf2 43. Qd3 Kg7 44. Bxg6 Qc5+ 45. Nc3 Qxa3 46. Kd1 Qb2 47. Nd5 Qa1+ 48. Ke2 Qa2+ 0-1

[Event "Slovakia Open Piestany-A 2022"]
[Site "Piestany"]
[Date "2022.07.17"]
[Round "8.21"]
[White "Nadzamova, Viktoria"]
[Black "Skreko, Igor"]
[Result "1-0"]
[ECO "E73"]
[WhiteElo "2133"]
[BlackElo "2193"]
[Annotator "ChessBase"]
[PlyCount "79"]
[EventDate "2022.07.12"]
[EventType "swiss"]
[EventCountry "SVK"]
[SourceTitle "playchess.com"]
[Source "ChessBase"]
[SourceQuality "1"]
[TimeControl "40/5400+30:1800+30"]

1. d4 Nf6 2. c4 g6 3. Nc3 Bg7 4. e4 d6 5. Be2 O-O 6. Be3 e5 7. d5 a5 8. h4 Na6 9. h5 Nc5 10. hxg6 fxg6 11. f3 Nh5 12. Qd2 Nf4 13. Bf1 Bf6 14. O-O-O Bd7 15. g3 Nh5 16. Nge2 Be7 17. Bg2 Qb8 18. f4 exf4 19. gxf4 b5 20. cxb5 Bxb5 21. Nxb5 Qxb5 22. Nc3 Qc4 23. Rxh5 gxh5 24. Rg1 Kf7 25. Bf1 Qb4 26. Bb5 Bf6 27. e5 dxe5 28. fxe5 Bxe5 29. Qf2+ Bf4 30. Bxf4 Nd3+ 31. Bxd3 Ke8 32. Bb5+ Kd8 33. Qh4+ Kc8 34. Qh3+ Kb8 35. Be3 Qe7 36. Re1 Qg7 37. Qe6 Qg3 38. Bc5 Rd8 39. Qe7 Rg8 40. Qe8+ 1-0

[Event "Slovakia Open Piestany-A 2022"]
[Site "Piestany"]
[Date "2022.07.17"]
[Round "8.22"]
[White "Travnicek, Krystof Mikulas"]
[Black "Soham Datar"]
[Result "1-0"]
[ECO "B70"]
[WhiteElo "2138"]
[BlackElo "2111"]
[Annotator "TA"]
[PlyCount "56"]
[EventDate "2022.07.12"]
[EventType "swiss"]
[EventCountry "SVK"]
[SourceTitle "playchess.com"]
[Source "ChessBase"]
[SourceQuality "1"]
[TimeControl "40/5400+30:1800+30"]

1. e4 c5 2. Nc3 a6 3. Nf3 d6 4. g3 g6 5. d4 cxd4 6. Nxd4 Bg7 7. Bg2 Nf6 8. O-O O-O 9. h3 Bd7 10. a4 Nc6 11. Nde2 Ne5 {[%emt 0:10:10] B70: Sicilian Dragon: 6 g3 and 6 Be2 (without a later Be3).} 12. Nd5 Nxd5 13. exd5 b5 {[%emt 0:01:07] White has an edge.} 14. axb5 {[%emt 0:10:33] [#]} Nc4 $146 (14... Bxb5 $14 15. Ra3 a5) ({Predecessor:} 14... axb5 15. Rxa8 Qxa8 16. b3 Bc8 17. Nd4 b4 18. f4 Nd7 19. Nc6 Ba6 20. Re1 Qb7 21. Rxe7 {1-0 (39) Obolenskikh,D (2523)-Ergeshov,T (2088) Angarsk 2015}) 15. c3 ({Don't play} 15. bxa6 $6 Nxb2 16. Bxb2 Bxb2 $11) ({White should play} 15. Rxa6 $16 Nxb2 16. Bxb2 Bxb2 17. Rxa8 Qxa8 18. c4) 15... axb5 16. Rxa8 Qxa8 17. b3 $1 Nb6 18. Be3 Qb7 19. Re1 Qc7 20. Qd3 Rb8 21. Nd4 Nc8 22. Ra1 {[%emt 0:03:40] White is much more active. The black rooks are badly placed.} e5 {[%emt 0:03:00] [#]} (22... b4 $16) 23. Nc6 $1 $18 Bxc6 $2 (23... Rb7 {was called for.} 24. Bg5 f6) 24. dxc6 b4 25. Ra6 e4 $2 (25... bxc3 26. Qxc3 Bf6) 26. Qxe4 {[%emt 0:00:29] Hoping for Qe8+. White is clearly winning.} bxc3 27. Qe8+ Bf8 28. Qd7 ({Wrong is} 28. Bh6 $2 {[#]} Nb6 $1 29. Qe3 Bxh6 30. Qxc3 (30. Qxh6 $2 d5 $19) 30... d5 $19) 28... Ne7 {[%emt 0:00:09] Weighted Error Value: White=0.05 (flawless) /Black=0.52} 1-0

[Event "Slovakia Open Piestany-A 2022"]
[Site "Piestany"]
[Date "2022.07.17"]
[Round "8.23"]
[White "Matras, Ondrej"]
[Black "Drtina, Milan"]
[Result "*"]
[ECO "D44"]
[WhiteElo "2229"]
[BlackElo "2167"]
[Annotator "ChessBase"]
[PlyCount "32"]
[EventDate "2022.07.12"]
[EventType "swiss"]
[EventCountry "SVK"]
[SourceTitle "playchess.com"]
[Source "ChessBase"]
[SourceQuality "1"]
[TimeControl "40/5400+30:1800+30"]

1. d4 d5 2. c4 e6 3. Nc3 Nf6 4. Nf3 c6 5. Bg5 dxc4 6. e4 b5 7. e5 h6 8. Bh4 g5 9. Nxg5 hxg5 10. Bxg5 Be7 11. exf6 Bxf6 12. Bxf6 Qxf6 13. g3 a5 14. Bg2 Ra7 15. Ne4 Qe7 16. O-O Na6 *

[Event "Slovakia Open Piestany-A 2022"]
[Site "Piestany"]
[Date "2022.07.17"]
[Round "8.24"]
[White "Warchol, Kamil"]
[Black "Delgerdalai, Bayarjavkhlan"]
[Result "1/2-1/2"]
[ECO "C08"]
[WhiteElo "2121"]
[BlackElo "2209"]
[Annotator "ChessBase"]
[PlyCount "91"]
[EventDate "2022.07.12"]
[EventType "swiss"]
[EventCountry "SVK"]
[SourceTitle "playchess.com"]
[Source "ChessBase"]
[SourceQuality "1"]
[TimeControl "40/5400+30:1800+30"]

1. e4 e6 2. d4 d5 3. Nd2 c5 4. Ngf3 Nc6 5. exd5 exd5 6. dxc5 Bxc5 7. Nb3 Bb6 8. Be2 Nf6 9. O-O O-O 10. Nbd4 Ne4 11. Be3 Re8 12. Rc1 Bg4 13. c4 Nxd4 14. Nxd4 Bxe2 15. Qxe2 Bxd4 16. Bxd4 dxc4 17. Rfd1 Ng3 18. Qxe8+ Qxe8 19. hxg3 b5 20. a3 h6 21. Bc3 Qc6 22. Ba5 Re8 23. Rd2 Qa6 24. Bc3 Qb6 25. Rcd1 Re6 26. Bd4 Qb7 27. Bc3 Re7 28. Bb4 Rc7 29. Ba5 Re7 30. Bb4 Re5 31. Bc3 Rf5 32. Rd7 Qe4 33. Rxa7 Qe2 34. Rf1 h5 35. Rd7 Qe4 36. Rd4 Qe7 37. Rfd1 Kh7 38. Rd5 Qe6 39. Rxf5 Qxf5 40. Rd2 f6 41. Re2 Kh6 42. Rd2 Qe6 43. Rd8 Kg6 44. Rd4 Kf7 45. Rf4 Ke8 46. Kh2 1/2-1/2

[Event "Slovakia Open Piestany-A 2022"]
[Site "Piestany"]
[Date "2022.07.17"]
[Round "8.25"]
[White "Gyerpal, Adrian"]
[Black "Sevcikova, Lucia"]
[Result "1/2-1/2"]
[ECO "D30"]
[WhiteElo "2193"]
[BlackElo "2036"]
[Annotator "ChessBase"]
[PlyCount "80"]
[EventDate "2022.07.12"]
[EventType "swiss"]
[EventCountry "SVK"]
[SourceTitle "playchess.com"]
[Source "ChessBase"]
[SourceQuality "1"]
[TimeControl "40/5400+30:1800+30"]

1. Nf3 d5 2. g3 c5 3. Bg2 Nc6 4. d4 e6 5. O-O Nf6 6. c4 Be7 7. cxd5 exd5 8. dxc5 Bxc5 9. a3 a5 10. Qc2 Be7 11. Nc3 Be6 12. Rd1 Qc8 13. Bg5 O-O 14. Bxf6 Bxf6 15. Nxd5 Bxd5 16. Rxd5 Rd8 17. Rad1 Qe6 18. Rxd8+ Rxd8 19. Rxd8+ Nxd8 20. Ne1 Qb6 21. Nd3 g6 22. Qc8 Qe6 23. Qxe6 fxe6 24. Kf1 Kf7 25. Ke1 Ke7 26. Kd2 Kd6 27. Kc2 b6 28. Kb3 Nf7 29. f4 g5 30. Be4 h6 31. Bg6 Nd8 32. Ne5 Bxe5 33. fxe5+ Kxe5 34. Kc4 Kd6 35. Be8 e5 36. b4 axb4 37. axb4 Ne6 38. e3 Ng7 39. Bg6 Ne6 40. Be4 Nc7 1/2-1/2

[Event "Slovakia Open Piestany-A 2022"]
[Site "Piestany"]
[Date "2022.07.17"]
[Round "8.26"]
[White "Chlpik, Martin"]
[Black "Balint, Peter"]
[Result "1-0"]
[ECO "D00"]
[WhiteElo "2236"]
[BlackElo "2051"]
[Annotator "ChessBase"]
[PlyCount "110"]
[EventDate "2022.07.12"]
[EventType "swiss"]
[EventCountry "SVK"]
[SourceTitle "playchess.com"]
[Source "ChessBase"]
[SourceQuality "1"]
[TimeControl "40/5400+30:1800+30"]

1. d4 Nf6 2. Bf4 d5 3. e3 g6 4. Nc3 Bg7 5. h4 h6 6. Be2 a6 7. Nf3 c5 8. dxc5 Qa5 9. O-O Qxc5 10. Na4 Qa5 11. c4 O-O 12. b4 Qd8 13. c5 Nc6 14. Nb6 Ra7 15. Nd4 Ne4 16. Rc1 e5 17. Nxc6 bxc6 18. Nxc8 Qxc8 19. Bh2 Re8 20. a4 d4 21. Bc4 Nc3 22. Qb3 Qg4 23. f4 exf4 24. Rxf4 Ne2+ 25. Bxe2 Qxe2 26. exd4 Rd7 27. Rcf1 Re6 28. d5 Rxd5 29. Rxf7 Rd2 30. Qh3 Rd1 31. Qf3 Qxf1+ 32. Qxf1 Ree1 33. g4 Bd4+ 34. Kg2 Rd2+ 35. Kh3 Rxf1 36. Rxf1 Rb2 37. Bd6 Bf2 38. b5 axb5 39. axb5 cxb5 40. c6 Bb6 41. Rf8+ Kg7 42. Rb8 Rb3+ 43. Kg2 Ba5 44. c7 Rb2+ 45. Kf3 Rb3+ 46. Ke2 Rb2+ 47. Ke3 Bxc7 48. Bxc7 Rb3+ 49. Ke4 Rb4+ 50. Kd5 Kf7 51. Be5 g5 52. Rb7+ Kg8 53. Ke6 Rb1 54. Rb8+ Kh7 55. Rh8+ Kg6 1-0

[Event "Slovakia Open Piestany-A 2022"]
[Site "Piestany"]
[Date "2022.07.17"]
[Round "8.27"]
[White "Zdrazil, Patrik"]
[Black "Sosovickova, Jana"]
[Result "0-1"]
[ECO "C52"]
[WhiteElo "2103"]
[BlackElo "1958"]
[Annotator "TA"]
[PlyCount "42"]
[EventDate "2022.07.12"]
[EventType "swiss"]
[EventCountry "SVK"]
[SourceTitle "playchess.com"]
[Source "ChessBase"]
[SourceQuality "1"]
[TimeControl "40/5400+30:1800+30"]

1. e4 e5 2. Nf3 Nc6 3. Bc4 Bc5 4. b4 Bxb4 5. c3 Ba5 6. d4 exd4 {[%emt 0:05:42] 6...d6 might become the main line.} 7. Qb3 {[%emt 0:00:09] C52: Evans Gambit Accepted: 5 c3 Ba5.} Qe7 8. O-O Nh6 (8... Bb6 $11) 9. Bg5 {[%emt 0:24:06] White is better.} (9. cxd4 $5 O-O 10. Nc3 $14) 9... f6 10. Bxh6 gxh6 11. cxd4 {[%emt 0:14:56] [#]} Bb6 $146 ({Much weaker is} 11... Qxe4 12. Nc3 Qg4 13. Rfe1+ Kd8 14. Re3 $11 (14. Re4 Qg7 $11)) ({Predecessor:} 11... d6 12. Nc3 Bh3 13. gxh3 O-O-O 14. Bd5 Bxc3 15. Qxc3 Qd7 16. Rab1 Qxh3 17. Qb3 Nxd4 18. Nxd4 Qg4+ 19. Kh1 Rdg8 20. Be6+ {1-0 (20) Walsh,T-Evans,K IECC email 1997}) 12. Qd1 ({White should try} 12. Nc3 $16) 12... d6 $36 {[%emt 0:01:49][%mdl 2048] Black fights for an advantage.} (12... Qxe4 $2 13. Re1 Qxe1+ 14. Qxe1+ Kf8 15. Qe4 $18) 13. a4 Bg4 (13... Qxe4 $2 14. Re1 Qxe1+ 15. Qxe1+ Kd8 16. Qd2 $18) 14. Bb5 $1 {[%emt 0:04:26] [#] Threatens to win with d5.} a6 (14... Qxe4 $2 15. Re1 Bxf3 16. gxf3 Qxe1+ 17. Qxe1+ Kf8 18. Bxc6 Rg8+ 19. Kf1 bxc6 20. Qc3 $18) 15. Bxc6+ bxc6 16. a5 (16. Ra3 $11) 16... Ba7 ({Black should play} 16... Bxf3 $17 17. Qxf3 Bxd4) 17. Qc2 O-O 18. Qxc6 (18. Nbd2 $11) 18... Bxf3 $17 19. gxf3 Bxd4 ({Stronger than} 19... Qg7+ 20. Kh1 Kh8 21. Rg1 $11) 20. Ra4 (20. Nc3 $17 {is a better defense.} Kh8 21. Rad1) 20... Kh8 $19 21. Qxc7 $2 {[%emt 0:01:45] [#]} (21. Rxd4 $2 {gets mated.} Qg7+ 22. Kh1 Rg8 23. h4 Qg2#) (21. Rc1 $19 Bc5 22. Rac4) 21... Qxc7 {[%emt 0:00:10] Weighted Error Value: White=0.75/Black=0.22 (precise)} 0-1

[Event "Slovakia Open Piestany-A 2022"]
[Site "Piestany"]
[Date "2022.07.17"]
[Round "8.28"]
[White "Compel, Daniel"]
[Black "Saravanan Durga"]
[Result "1/2-1/2"]
[ECO "A13"]
[WhiteElo "2098"]
[BlackElo "1908"]
[Annotator "TA"]
[PlyCount "86"]
[EventDate "2022.07.12"]
[EventType "swiss"]
[EventCountry "SVK"]
[SourceTitle "playchess.com"]
[Source "ChessBase"]
[SourceQuality "1"]
[TimeControl "40/5400+30:1800+30"]

1. c4 e6 2. Nf3 d5 3. g3 Nf6 4. Bg2 d4 5. O-O c5 6. b4 {[%emt 0:00:12] A13: English Opening: 1...e6.} cxb4 7. a3 bxa3 8. Nxa3 Nc6 9. d3 {[%emt 0:00:33][%mdl 1024] White has compensation.} Bc5 10. Nd2 {[%emt 0:05:26] [#]} a6 $146 ({Predecessor:} 10... O-O 11. Nb3 Bb4 12. Bd2 Bxd2 13. Qxd2 e5 14. Nc2 Bf5 15. Na5 Qc7 16. Nxc6 bxc6 {½-½ (50) Srebrnic,V (2087)-Zelcic,R (2512) Portoroz 2016}) 11. Nb3 Ba7 12. Bd2 O-O 13. Qc2 e5 14. Rfb1 Qe7 {[%emt 0:12:55] [#]} (14... Be6 $15) 15. Na5 (15. Nb5 $1 $14) 15... Nxa5 $15 16. Bxa5 Bc5 17. Qa2 Rb8 $36 {[%emt 0:05:23][%cal Ob7b5][%mdl 2048] Black is more active.} 18. Nc2 Bf5 ({Black should try} 18... Qd6 $15) 19. Nb4 (19. Bb6 $11 {remains equal.}) 19... Qd6 $17 20. Qb3 h6 21. Ra2 (21. Nd5 $15 Nxd5 22. Bxd5) 21... Rfe8 ({Better is} 21... b5 {Hoping for ...bxc4.} 22. Raa1 bxc4 23. Qxc4 Be6 24. Qxa6 Rxb4 25. Bxb4 Bxb4 26. Qxd6 Bxd6) 22. Rab2 (22. Nd5 $142 Nxd5 23. Bxd5) 22... Bd7 (22... e4 $142 23. Nd5 Nxd5 24. cxd5 exd3 25. exd3 b6) 23. Qc2 b5 24. Nd5 Nxd5 25. Bxd5 Rec8 26. Qb3 Kf8 {[%emt 0:02:11] Threatens to win with ...Ba3.} 27. Qa2 Be6 28. Bxe6 $1 Qxe6 29. Qa1 Qc6 30. Bd2 Ke7 ({Black should play} 30... Kg8 $17) 31. Ra2 (31. cxb5 $11 axb5 32. Rc1) 31... bxc4 32. Rxb8 Rxb8 33. Rxa6 {[%emt 0:00:44] [#]} Rb1+ 34. Qxb1 $11 Qxa6 35. dxc4 Qxc4 {[%emt 0:01:32][%mdl 4096] Endgame KQB-KQB} 36. Qb7+ Ke6 (36... Kd6 $5 ) 37. Qc6+ Ke7 38. Qc7+ Kf6 39. Qc6+ Ke7 40. Qc7+ Ke6 41. Qc6+ Ke7 42. Qc7+ Kf6 43. Qc6+ Ke7 {[%emt 0:00:43] Weighted Error Value: White=0.27 (precise) /Black=0.18 (very precise)} 1/2-1/2

[Event "Slovakia Open Piestany-A 2022"]
[Site "Piestany"]
[Date "2022.07.17"]
[Round "8.29"]
[White "Pennica, Andrea"]
[Black "Paluska, Karol"]
[Result "1-0"]
[ECO "A00"]
[WhiteElo "1986"]
[BlackElo "1957"]
[Annotator "TA"]
[PlyCount "67"]
[EventDate "2022.07.12"]
[EventType "swiss"]
[EventCountry "SVK"]
[SourceTitle "playchess.com"]
[Source "ChessBase"]
[SourceQuality "1"]
[TimeControl "40/5400+30:1800+30"]

1. c3 d5 2. c4 c6 3. Nf3 Nf6 4. g3 g6 5. b3 Bg7 {[%emt 0:01:03] With the idea ...Ne4.} 6. Bb2 {[%emt 0:00:14] [#] A00: Irregular Openings.} O-O $146 ({Predecessor:} 6... Qb6 7. Qc2 Na6 8. Bg2 Nb4 9. Qc1 Bf5 10. Na3 O-O 11. O-O Rac8 12. d3 Rfe8 {0-1 (50) Langner,D-Wanderley,R (1951) Campinas 2011}) 7. Bg2 Bf5 8. O-O {[%emt 0:01:04] The position is equal.} Re8 9. d3 Nbd7 10. Nd4 e5 (10... Bg4 $11) 11. Nxf5 $16 gxf5 12. cxd5 (12. Na3 {is interesting.} e4 13. Bh3 e3 14. Qc1) 12... cxd5 13. Nc3 Nf8 14. Rc1 Ne6 15. e3 f4 (15... Rb8 $14) 16. gxf4 exf4 17. Qf3 ({White should try} 17. Nb5 $16) 17... fxe3 (17... d4 $1 $11 18. Ne2 dxe3) 18. fxe3 {[%emt 0:00:14] Threatens to win with Nb5.} Qe7 (18... Rc8 $16 19. d4 (19. Nxd5 Qxd5 20. Rxc8 Rxc8 $16) 19... Nc7) 19. Nxd5 Nxd5 20. Bxg7 Nxg7 21. Qxd5 Qxe3+ 22. Kh1 Re7 23. Be4 {[%emt 0:00:38] aiming for Rce1.} Rae8 {[%emt 0:02:49] [#]} 24. Rce1 $1 {[%emt 0:04:12] White is more active.} Qb6 25. Qg5 $40 {[%emt 0:02:47][%mdl 128] White goes for the king.} Re5 $2 {[%emt 0:01:26][%mdl 8192] [#] Loses the game.} (25... h6 $16 {is more resistant.} 26. Qg2 Re5) 26. Bxh7+ $1 $18 {[%emt 0:00:25][%mdl 512] White is clearly winning.} Kxh7 27. Rxe5 Qc6+ 28. Kg1 Qb6+ 29. Rf2 {[%emt 0:00:16] Black must now prevent Rxe8.} Rxe5 30. Qxe5 Qg6+ 31. Rg2 Qb6+ 32. Kf1 Qh6 {[%emt 0:00:12] [#]} 33. Rxg7+ $1 Qxg7 34. Qxg7+ {[%emt 0:00:07] Weighted Error Value: White=0.17 (very precise) /Black=0.60} 1-0